 Dungeon Crawl Stone Soup version 0.21.1-1-g345015f (webtiles) character file.

403914 Kairos the Severer (level 23, 0/127 HPs)
             Began as a Vine Stalker Fighter on Apr 27, 2018.
             Was a High Priest of Okawaru.
             Slain by a shadow dragon (10 damage)
             ... on level 4 of the Vaults on Apr 28, 2018.
             The game lasted 03:48:39 (43006 turns).

Kairos the Severer (Vine Stalker Fighter)          Turns: 43006, Time: 03:48:42

Health: 0/127      AC: 33    Str: 29    XL:     23   Next: 36%
Magic:  0/40       EV: 22    Int: 13    God:    Okawaru [*****.]
Gold:   502        SH: 19    Dex: 15    Spells: 34/47 levels left

rFire    + . .     SeeInvis +   y - +6 broad axe of Zinexzio {vamp, rElec rPois Int-2 Stlth+}
rCold    + + .     Gourm    .   c - +2 shield {reflect}
rNeg     + + .     Faith    .   G - +5 ring mail "Munuuli" {Str+3 Slay+2 Stlth+}
rPois    +         Spirit   +   N - +3 crown of Dyrovepreva {rElec Int+2 SInv}
rElec    +         Reflect  +   R - scarf {rC+ rF+}
rCorr    .         Harm     .   T - +5 pair of gloves "Dutyevve" {rPois rN+}
MR       ++...                  Z - +3 pair of boots of Salvation {rElec rPois rN+ Dex-5}
Stlth    +++++++++.             w - amulet "Axzat" {Regen+ Int+3}
HPRegen  1.51/turn              D - +5 ring of dexterity
MPRegen  0.27/turn              K - +4 ring of protection

@: about to teleport, heroism, drained
A: fangs 3, yellow scales 1, cold resistance 1, regeneration 2, magic shield,
antimagic bite, no potion heal 3, rot immunity
}: 2/15 runes: decaying, serpentine
a: Heroism, Finesse, Renounce Religion


You were on level 4 of the Vaults.
You worshipped Okawaru.
Okawaru was extremely pleased with you.
You were hungry.

You visited 7 branches of the dungeon, and saw 37 of its levels.
You visited the Abyss 1 time.
You visited 1 bazaar.
You also visited: Trove, Ice Cave and Desolation.

You collected 5011 gold pieces.
You spent 4509 gold pieces at shops.

Inventory:

Hand Weapons
 y - the +6 broad axe of Zinexzio (weapon) {vamp, rElec rPois Int-2 Stlth+}
   (Okawaru gifted it to you on level 4 of the Snake Pit)

   It inflicts no extra harm, but heals its wielder when it wounds a living foe.
   It affects your intelligence (-2).
   It insulates you from electricity.
   It protects you from poison.
   It makes you more stealthy.
 B - the +7 war axe of Pillar {venom, +Rage rElec rN+ MR+}
   (Okawaru gifted it to you on level 4 of the Swamp)

   It poisons the flesh of those it strikes.
   It insulates you from electricity.
   It protects you from negative energy.
   It affects your resistance to hostile enchantments.
   It lets you go berserk.
Missiles
 W - 12 silver javelins (quivered)
Armour
 a - the +1 pair of boots of Death Resistance {+Inv}
   (You found it on level 1 of the Snake Pit)

   It lets you turn invisible.
 c - a +2 shield of reflection (worn)
 m - the +1 cloak of Starlight {rElec rC+ EV+4 Stlth--}
   (You found it on level 4 of the Vaults)

   It affects your evasion (+4).
   It protects you from cold.
   It insulates you from electricity.
   It makes you much less stealthy.
 n - the +2 cloak of Purpose {rC+ Str+3 Int+2 Dex+2}
   (You found it on level 3 of the Elven Halls)

   It affects your strength (+3).
   It affects your intelligence (+2).
   It affects your dexterity (+2).
   It protects you from cold.
 u - the +0 pair of gloves of Exclusion {rF+}
   (You found it in a treasure trove)

   It protects you from fire.
 G - the +5 ring mail "Munuuli" (worn) {Str+3 Slay+2 Stlth+}
   (You found it on level 1 of the Lair of Beasts)

   It affects your strength (+3).
   It affects your accuracy and damage with ranged weapons and melee attacks
   (+2).
   It makes you more stealthy.
 N - the +3 crown of Dyrovepreva (worn) {rElec Int+2 SInv}
   (Okawaru gifted it to you on level 1 of the Snake Pit)

   It affects your intelligence (+2).
   It insulates you from electricity.
   It lets you see invisible.
 R - a scarf of resistance (worn)
 T - the +5 pair of gloves "Dutyevve" (worn) {rPois rN+}
   (You took it off Nikola on level 3 of the Elven Halls)

   It protects you from poison.
   It protects you from negative energy.
 Z - the +3 pair of boots of Salvation (worn) {rElec rPois rN+ Dex-5}
   (Okawaru gifted it to you on level 4 of the Lair of Beasts)

   It affects your dexterity (-5).
   It insulates you from electricity.
   It protects you from poison.
   It protects you from negative energy.
Jewellery
 j - the amulet of Nageomyv {Gourm +Blink rF+ Stlth+}
   (You found it in the Desolation of Salt)

   [amulet of the gourmand]

   It allows you to eat raw meat even when not hungry.
   It protects you from fire.
   It lets you blink.
   It makes you more stealthy.
 p - an uncursed ring of protection from cold
 s - an uncursed ring of protection from fire
 w - the amulet "Axzat" (around neck) {Regen+ Int+3}
   (You found it in the Desolation of Salt)

   [amulet of regeneration]

   It affects your intelligence (+3).
   It increases your rate of regeneration.
 D - a +5 ring of dexterity (left hand)
 I - the ring "Akibb" {rElec MR+ Int+4}
   (You took it off an imperial myrmidon in the Desolation of Salt)

   [ring of protection from magic]

   It affects your intelligence (+4).
   It insulates you from electricity.
   It affects your resistance to hostile enchantments.
 K - a +4 ring of protection (right hand)
 U - the brooch of Shielding {Reflect SH+8}
   (You took it off a deep elf sorcerer on level 3 of the Elven Halls)

   [amulet of reflection]

   It shields you and reflects attacks.
   It affects your SH (+8).
Wands
 h - a wand of acid (77)
 r - a wand of clouds (12)
 t - a wand of digging (18)
Scrolls
 e - 21 scrolls of remove curse
 g - 11 scrolls of fog
 i - 10 scrolls of teleportation
 k - a scroll of holy word
 q - 8 scrolls of immolation
 v - 4 scrolls of magic mapping
 J - 4 scrolls of fear
 Q - 3 scrolls of summoning
Potions
 b - 4 potions of agility
 d - 3 potions of might
 l - 2 potions of resistance
 o - 2 potions of berserk rage
 x - 17 potions of curing
 z - 4 potions of brilliance
 C - 4 potions of invisibility
 E - 3 potions of lignification
 F - 3 potions of cancellation
 V - 6 potions of haste
 X - 6 potions of flight
Miscellaneous
 Y - a fan of gales
Comestibles
 f - 46 rations


   Skills:
 + Level 15.4(20.4) Fighting
 - Level 18.0(22.9) Axes
   Level 1.6(17.2) Maces & Flails
 + Level 9.8(14.8) Armour
 + Level 10.2(15.2) Dodging
 + Level 16.6(21.6) Stealth
 + Level 14.8(19.8) Shields
 * Level 12.6 Spellcasting
 - Level 7.8 Charms
 - Level 7.6 Necromancy
 * Level 8.9 Translocations
 * Level 5.0 Invocations
 * Level 2.3 Evocations


You had 34 spell levels left.
You knew the following spells:

 Your Spells              Type           Power        Failure   Level  Hunger
a - Regeneration          Chrm/Necr      ####......   1%          3    None
b - Invisibility          Hex            #.......     100%        6    ######.
c - Blink                 Tloc           N/A          1%          2    None
d - Shroud of Golubria    Chrm/Tloc      ####......   1%          2    None


Dungeon Overview and Level Annotations

Branches:
Dungeon (13/15)            Temple (0/1) D:4            Lair (6/6) D:10
  Swamp (4/4) Lair:4        Snake (4/4) Lair:4        Slime (0/5) Lair:6
    Orc (2/2) D:9             Elf (3/3) Orc:2        Vaults (5/5) D:13
  Crypt (0/3) Vaults:3

Altars:
Ashenzari
Elyvilon
Fedhas
Kikubaaqudgha
Okawaru
Qazlal
Ru
Trog
Uskayaw
Wu Jian
Beogh

Shops:
D:13 (   Orc:2 (*(!   Elf:2 =}**   Snake:2 =}   Snake:4 [   Vaults:1 *


Innate Abilities, Weirdness & Mutations

You have razor-sharp teeth.
You heal very quickly.
When hurt, damage is shared between your health and your magic reserves.
Your bite disrupts and absorbs the magic of your enemies.
Potions cannot restore your health.
You are immune to rotting.
You are partially covered in yellow scales. (AC +2)
Your flesh is cold resistant. (rC+)


Message History

The quicksilver dragon bites you but does no damage.
The quicksilver dragon misses you. The iron dragon misses you.
The iron dragon claws you!
* * * LOW HITPOINT WARNING * * *
The iron dragon tramples you!!
* * * LOW HITPOINT WARNING * * *
You hold your ground!
As you read the scroll of fear, it crumbles to dust.
You assume a fearsome visage.
The deep troll looks frightened!
The shadow dragon easily resists.
The quicksilver dragon resists with almost no effort.
The iron dragon resists with almost no effort.
The quicksilver dragon resists with almost no effort.
The shadow dragon looks frightened!
The vault guard looks frightened!
The quicksilver dragon misses you.
The quicksilver dragon claws you but does no damage.
You block the quicksilver dragon's attack. x2
The vault guard mumbles, "Of all the rotten luck!"
You block the shadow dragon's attack. The shadow dragon claws you!
You die...

.................................
............................)....
...†................#######......
...)................#.....#......
....................#.)...#.).###
....................+.###.#...#..
..#############DT...#.###.#...#..
..#...........#..D..#.....#...#..
..#.#.#.#.#.#.#p@...#...).#...#..
..#...........#DDD..###'###...#..
..#.#.#.#.#.#.#...............#..
..#...........#...............###
..#.#.#.#.#.#.#..............[...
..#...........#..................
..#.#.#.#.#.#.#..........########
..#<..........#..........###.#.##
..#.#.#.#.#.#.#..........##..#..#


You could see 2 shadow dragons, an iron dragon, 2 quicksilver dragons, a vault
guard (fleeing) and a deep troll (fleeing).

Vanquished Creatures
  Saint Roka (Elf:3)
  Bai Suzhen (Vaults:3)
  the Lernaean hydra (Swamp:4)
  Xtahua (Vaults:3)
  Nikola (Elf:3)
  A profane servitor (Abyss:2)
  Rupert (Lair:6)
  An Ice Fiend (IceCv)
  A deep elf master archer (Elf:3)
  3 deep elf blademasters
  A quicksilver dragon (Vaults:5)
  Frances (D:12)
  2 tentacled starspawn (Abyss:2)
  3 thorn hunters
  A sphinx (Vaults:4)
  Gastronok (Lair:3)
  A shadow dragon (Vaults:4)
  A storm dragon (Vaults:4)
  Donald (Elf:3)
  7 nagarajas (Snake:4)
  A frost giant (Vaults:2)
  3 fire giants
  6 vault wardens
  Louise (Swamp:1)
  6 deep elf sorcerers
  Aizul (Snake:2)
  A balrug (Abyss:2)
  2 imperial myrmidons (Desolation)
  A ghoul (Vaults:4)
  3 deep elf elementalists
  8 stone giants
  11 very ugly things
  15 ironheart preservers
  A deep elf demonologist (Elf:3)
  Nessos (D:12)
  5 deep elf annihilators (Elf:3)
  3 halazid warlocks (Desolation)
  2 ettins (Vaults:4)
  The ghost of Kairos the Basher, a journeyman VSFi of Okawaru (Snake:2)
  4 deep elf death magi
  An eidolon (Vaults:3)
  2 white draconians (Abyss:2)
  A blizzard demon (Abyss:2)
  7 yaktaur captains
  4 crystal guardians
  Josephine (D:13)
  10 ragged hierophants (Desolation)
  2 deep elf high priests (Elf:3)
  A jiangshi (Vaults:3)
  2 fire dragons
  The ghost of lorenzova the Eclecticist, a journeyman DECj of Vehumet (Lair:4)
  15 naga warriors
  Fannar (Lair:3)
  12 peacekeepers
  3 servants of whispers (Desolation)
  22 vault guards (Vaults:5)
  An ice dragon (Vaults:1)
  A ghost crab (Swamp:4)
  A rakshasa (Vaults:3)
  4 centaur warriors
  16 hydras
  A catoblepas (Lair:3)
  42 two-headed ogres
  4 anacondas
  13 ogre magi
  28 dancing weapons
  2 death knights
  3 deep troll shamans (Vaults:1)
  A tengu warrior (D:10)
  A vampire mage (Vaults:3)
  12 alligators
  6 death yaks (Lair:6)
  Urug (D:11)
  2 orc high priests (Orc:2)
  28 deep elf knights
  11 naga sharpshooters
  4 shock serpents
  A skeletal warrior (Vaults:2)
  Nergalle (D:10)
  An iron troll (shapeshifter) (Vaults:4)
  3 salamander mystics
  An unseen horror (D:13)
  2 spriggan druids (Swamp:3)
  11 swamp dragons
  3 glowing orange brains
  2 wizards (Vaults:2)
  A flayed ghost (Vaults:2)
  A sea snake (Snake:1)
  5 naga ritualists
  13 deep elf archers
  7 deep trolls
  An obsidian statue (Vaults:1)
  A shambling mangrove (Swamp:4)
  8 ironbrand convokers
  Pikel (D:6)
  2 phantasmal warriors
  18 orc knights
  5 orc sorcerers (Orc:2)
  An oklob plant (Lair:2)
  8 mana vipers
  69 deep elf magi
  21 ugly things
  3 wolf spiders
  2 wolf spiders (shapeshifter)
  3 cyclopes
  18 salamanders
  A manticore (D:10)
  A worldbinder (Abyss:2)
  A salamander (shapeshifter) (Vaults:4)
  25 black mambas
  Psyche (D:12)
  An ice statue (IceCv)
  8 vault sentinels
  Maurice (D:8)
  A molten gargoyle (Desolation)
  7 guardian serpents
  27 naga magi
  An orange demon (Abyss:2)
  18 spiny frogs
  4 rime drakes
  7 komodo dragons
  45 yaktaurs
  7 ice devils (IceCv)
  8 freezing wraiths
  An ancient zyme (Abyss:2)
  A queen bee (shapeshifter) (Vaults:1)
  2 anaconda simulacra (IceCv)
  A queen bee (D:8)
  2 golden dragon simulacra (IceCv)
  6 trolls
  8 hornets
  A wind drake (shapeshifter) (Vaults:3)
  The ghost of Verendum the Poker, an amateur MfAK of Lugonu (D:6)
  7 tyrant leeches
  24 blink frogs
  5 bog bodies
  30 slime creatures
  A raiju (Abyss:2)
  47 saltlings (Desolation)
  5 hippogriffs
  7 wraiths
  An air elemental (Elf:3)
  A spriggan (Lair:4)
  A shadow (D:12)
  5 water elementals
  8 wyverns
  6 basilisks
  A basilisk (shapeshifter) (Vaults:4)
  A vampire (D:10)
  A golden eye (shapeshifter) (Elf:2)
  18 yaks
  3 fire elementals
  A dire elephant simulacrum (IceCv)
  3 steam dragons (Lair:6)
  2 harpy simulacra (IceCv)
  27 vampire mosquitoes
  4 iron troll simulacra (IceCv)
  21 swamp worms
  14 wargs
  22 insubstantial wisps
  42 nagas
  2 death yak simulacra (IceCv)
  A soldier ant (D:10)
  A water moccasin (shapeshifter) (Vaults:4)
  4 hydra simulacra (IceCv)
  3 large abominations
  17 water moccasins
  4 acid dragons
  A hell hound (Abyss:2)
  Duvessa (D:7)
  45 orc warriors
  6 porcupines
  4 ettin simulacra (IceCv)
  A black bear (Lair:2)
  A fire dragon simulacrum (Vaults:1)
  A slave (D:6)
  4 phantoms
  10 swamp drakes
  2 eyes of draining (D:13)
  An ice dragon simulacrum (Vaults:1)
  31 wolves
  5 boggarts (Vaults:3)
  18 centaurs
  40 ogres
  4 crocodiles
  6 elf zombies (Elf:1)
  3 big kobolds
  21 bullfrogs
  5 earth elementals
  Dowan (D:7)
  7 scorpions
  25 killer bees
  A human simulacrum (Vaults:2)
  8 electric eels
  7 wights
  2 howler monkeys
  2 centaur zombies
  A bullfrog zombie (D:13)
  9 crimson imps
  3 quasits
  An iron imp (Abyss:2)
  8 jellies
  A centaur skeleton (D:8)
  5 draconian simulacra (IceCv)
  25 orc priests
  5 hounds
  7 bullfrog skeletons
  Terence (D:3)
  5 iguanas
  52 orc wizards
  4 worker ants
  A polar bear simulacrum (IceCv)
  4 troll simulacra (IceCv)
  A wolf simulacrum (IceCv)
  2 centaur simulacra (IceCv)
  2 hound zombies (D:8)
  A hound skeleton (D:4)
  2 howler monkey zombies (D:9)
  A howler monkey skeleton (D:10)
  14 adders
  3 naga simulacra (IceCv)
  2 ogre simulacra (IceCv)
  5 shadow imps
  7 white imps (IceCv)
  4 ufetubi
  4 oozes (Lair:6)
  An adder skeleton (D:8)
  3 adder zombies
  2 worms
  5 dart slugs
  5 leopard geckos
  103 orcs
  2 ball pythons
  16 bats
  6 giant cockroaches
  5 goblins
  5 hobgoblins
  14 kobolds
  7 quokkas
  9 frilled lizards
  A quokka skeleton (D:7)
  7 rats
  3 briar patches (Swamp:2)
  6 fungi
  3 plants (Lair:6)
  2 starspawn tentacles (Abyss:2)
1762 creatures vanquished.

Vanquished Creatures (others)
  A deep elf master archer (Elf:3)
  A hydra (Lair:6)
  A naga ritualist (Snake:4)
  A naga mage (Snake:4)
  A molten gargoyle (Desolation)
  A smoke demon (Abyss:2)
  A hornet (Vaults:2)
  A yak (D:11)
  A vampire mosquito (Swamp:2)
  A swamp drake (Swamp:4)
  An ogre (Vaults:1)
  A crocodile (Lair:6)
  An orc (Orc:2)
  2 briar patches (Swamp:2)
  16 fungi
  20 plants
  3 starspawn tentacles (Abyss:2)
54 creatures vanquished.

Grand Total: 1816 creatures vanquished

Notes
Turn   | Place    | Note
-------+----------+-------------------------------------------
     0 | D:1      | Kairos the Vine Stalker Fighter began the quest for the Orb.
     0 | D:1      | Reached XP level 1. HP: 11/11 MP: 2/2
   459 | D:1      | Reached XP level 2. HP: 14/16 MP: 3/3
   509 | D:1      | Reached skill level 2 in Axes
   654 | D:1      | Reached XP level 3. HP: 18/20 MP: 4/4
   955 | D:2      | Found a white marble altar of Elyvilon.
   961 | D:2      | Found a shattered altar of Ashenzari.
  1169 | D:2      | Gained mutation: Your natural rate of healing is unusually fast. [Vine Stalker growth]
  1169 | D:2      | Reached XP level 4. HP: 17/24 MP: 5/5
  1217 | D:2      | Found a sacrificial altar of Ru.
  1527 | D:2      | Found an iron altar of Okawaru.
  1548 | D:2      | Became a worshipper of Warmaster Okawaru
  1814 | D:3      | Noticed Terence
  1823 | D:3      | Killed Terence
  2124 | D:3      | Reached XP level 5. HP: 28/28 MP: 6/6
  2372 | D:4      | Reached skill level 3 in Axes
  2463 | D:4      | Reached XP level 6. HP: 11/32 MP: 2/7
  2468 | D:4      | Reached * piety under Okawaru
  2468 | D:4      | Reached skill level 4 in Axes
  2543 | D:4      | Noticed a phantom
  2566 | D:4      | Killed a phantom
  2566 | D:4      | Reached skill level 1 in Dodging
  2624 | D:4      | Reached XP level 7. HP: 20/36 MP: 8/8
  2828 | D:4      | Found a staircase to the Ecumenical Temple.
  2856 | D:4      | Found an ancient bone altar of Kikubaaqudgha.
  3123 | D:5      | Entered Level 5 of the Dungeon
  3129 | D:5      | Reached skill level 5 in Axes
  3228 | D:5      | Reached ** piety under Okawaru
  3518 | D:5      | Gained mutation: You have razor-sharp teeth. [Vine Stalker growth]
  3518 | D:5      | Reached XP level 8. HP: 42/42 MP: 9/9
  3689 | D:5      | Reached skill level 5 in Shields
  3916 | D:5      | Found a stormy altar of Qazlal.
  3981 | D:5      | Reached skill level 6 in Axes
  4159 | D:6      | Noticed Verendum's ghost (amateur MfAK)
  4179 | D:6      | Killed Verendum's ghost
  4201 | D:6      | Reached *** piety under Okawaru
  4518 | D:6      | Reached XP level 9. HP: 43/45 MP: 10/10
  4807 | D:6      | Noticed Pikel
  4821 | D:6      | Killed Pikel
  4821 | D:6      | Reached skill level 7 in Axes
  5025 | D:7      | Reached skill level 5 in Armour
  5130 | D:7      | Reached **** piety under Okawaru
  5130 | D:7      | Reached skill level 8 in Axes
  5189 | D:7      | Noticed Duvessa
  5189 | D:7      | Noticed Dowan
  5199 | D:7      | Killed Duvessa
  5203 | D:7      | Killed Dowan
  5464 | D:7      | Reached skill level 5 in Fighting
  5602 | D:7      | Found an ornate altar of the Wu Jian Council.
  5842 | D:8      | Reached XP level 10. HP: 50/51 MP: 11/11
  5857 | D:8      | Noticed Maurice
  5862 | D:8      | Reached skill level 9 in Axes
  6100 | D:8      | Killed Maurice
  6100 | D:8      | Reached skill level 1 in Stealth
  6260 | D:8      | Reached ***** piety under Okawaru
  6317 | D:8      | Noticed a two-headed ogre
  6324 | D:8      | Killed a two-headed ogre
  6324 | D:8      | Received a gift from Okawaru
  6330 | D:8      | Got an encrusted hand axe {god gift}
  6331 | D:8      | Identified the +8 hand axe of Eternal Vigilance {flame, +Fly Str-2 Dex+4 Stlth+} (Okawaru gifted it to you on level 8 of the Dungeon)
  6637 | D:8      | Found a shattered altar of Ashenzari.
  6784 | D:8      | Found a blossoming altar of Fedhas.
  7026 | D:9      | Reached skill level 10 in Axes
  7195 | D:9      | Found a staircase to the Orcish Mines.
  7483 | D:9      | Reached XP level 11. HP: 56/56 MP: 10/12
  7513 | D:9      | Found a hide-covered altar of Uskayaw.
  7531 | D:9      | Found a bloodstained altar of Trog.
  8059 | D:10     | Entered Level 10 of the Dungeon
  8074 | D:10     | Noticed a two-headed ogre
  8079 | D:10     | Killed a two-headed ogre
  8130 | D:10     | Found a staircase to the Lair.
  8314 | D:10     | Noticed a tengu warrior
  8336 | D:10     | Killed a tengu warrior
  8336 | D:10     | Reached skill level 5 in Stealth
  8465 | D:10     | Reached ****** piety under Okawaru
  8562 | D:10     | Noticed a manticore
  8570 | D:10     | Killed a manticore
  8570 | D:10     | Reached skill level 11 in Axes
  8818 | Lair:1   | Entered Level 1 of the Lair of Beasts
  8902 | Lair:1   | Noticed Nergalle
  9157 | D:10     | Killed Nergalle
  9208 | Lair:1   | Noticed a four-headed hydra
  9213 | Lair:1   | Received a gift from Okawaru
  9213 | Lair:1   | Gained mutation: You heal very quickly. [Vine Stalker growth]
  9213 | Lair:1   | Reached XP level 12. HP: 62/62 MP: 13/13
  9213 | Lair:1   | Killed a one-headed hydra
  9269 | Lair:1   | Got a fine ring mail
  9280 | Lair:1   | Identified the +5 ring mail "Munuuli" {Str+3 Slay+2 Stlth+} (You found it on level 1 of the Lair of Beasts)
 10566 | Lair:2   | Learned a level 3 spell: Regeneration
 10741 | Lair:3   | Noticed Fannar
 10751 | Lair:3   | Killed Fannar
 10751 | Lair:3   | Reached skill level 12 in Axes
 10801 | Lair:3   | Noticed Gastronok
 10819 | Lair:3   | Killed Gastronok
 11325 | Lair:4   | Noticed a spriggan rider
 11341 | Lair:4   | Reached skill level 5 in Dodging
 11349 | Lair:4   | Received a gift from Okawaru
 11349 | Lair:4   | Reached XP level 13. HP: 57/68 MP: 14/14
 11414 | Lair:4   | Noticed lorenzova's ghost (journeyman DECj)
 11427 | Lair:4   | Killed lorenzova's ghost
 11427 | Lair:4   | Received a gift from Okawaru
 11430 | Lair:4   | Got a pair of scorched boots {god gift}
 11441 | Lair:4   | Identified the +3 pair of boots of Salvation {rElec rPois rN+ Dex-5} (Okawaru gifted it to you on level 4 of the Lair of Beasts)
 11713 | Lair:4   | Found a staircase to the Swamp.
 11873 | Lair:4   | Found a staircase to the Snake Pit.
 12819 | Lair:6   | Entered Level 6 of the Lair of Beasts
 12819 | Lair:6   | Found a staircase to the Slime Pits.
 12871 | Lair:6   | Noticed Rupert
 12883 | Lair:6   | Killed Rupert
 13109 | Lair:6   | Reached skill level 13 in Axes
 13213 | Lair:6   | Reached skill level 10 in Stealth
 13213 | Lair:6   | Reached skill level 1 in Invocations
 13463 | Lair:6   | Received a gift from Okawaru
 13463 | Lair:6   | Reached XP level 14. HP: 44/75 MP: 10/16
 13963 | Lair:6   | Received a gift from Okawaru
 14609 | Snake:1  | Entered Level 1 of the Snake Pit
 14921 | Snake:1  | Received a gift from Okawaru
 14930 | Snake:1  | Reached skill level 14 in Axes
 16068 | Snake:1  | Received a gift from Okawaru
 16069 | Snake:1  | Found the +3 crown of Dyrovepreva {rElec Int+2 SInv}
 16072 | Snake:1  | Reached skill level 10 in Shields
 16072 | Snake:1  | Reached XP level 15. HP: 7/80 MP: 10/17
 16277 | Snake:1  | Got a pair of steaming boots
 16288 | Snake:1  | Identified the +1 pair of boots of Death Resistance {+Inv} (You found it on level 1 of the Snake Pit)
 16649 | Snake:2  | Reached skill level 10 in Fighting
 16787 | Snake:2  | Found Voph's Gadget Shop.
 16787 | Snake:2  | Found Teazuha's Jewellery Emporium.
 16788 | Snake:2  | Found Misyavatt's Gadget Shop.
 16799 | Snake:2  | Bought an uncursed amulet of faith for 600 gold pieces
 17033 | Snake:2  | Got a translucent mace
 17034 | Snake:2  | Identified the +0 mace of Pain and Death {crush, rF+ rN+ Int+3} (You found it on level 2 of the Snake Pit)
 17114 | Snake:2  | Noticed Aizul
 17132 | Snake:2  | Killed Aizul
 17360 | Snake:2  | Noticed Kairos's ghost (journeyman VSFi)
 17404 | Snake:2  | Killed Kairos's ghost
 17654 | Snake:3  | Reached skill level 1 in Evocations
 17706 | Snake:3  | Received a gift from Okawaru
 18426 | Snake:4  | Entered Level 4 of the Snake Pit
 18440 | Snake:4  | Found a bloodstained altar of Trog.
 18565 | Snake:4  | Received a gift from Okawaru
 18707 | Snake:4  | Received a gift from Okawaru
 18710 | Snake:4  | Got a pitted broad axe {god gift}
 18713 | Snake:4  | Identified the +6 broad axe of Zinexzio {vamp, rElec rPois Int-2 Stlth+} (Okawaru gifted it to you on level 4 of the Snake Pit)
 18733 | Snake:4  | Noticed a nagaraja
 18770 | Snake:4  | Killed a nagaraja
 19142 | Snake:4  | Found Jiufae's Armour Emporium.
 19240 | Snake:4  | Received a gift from Okawaru
 19322 | Snake:4  | Reached XP level 16. HP: 75/86 MP: 15/19
 19531 | Snake:4  | Noticed a nagaraja
 19531 | Snake:4  | Reached skill level 15 in Axes
 19566 | Snake:4  | Killed a nagaraja
 19677 | Snake:4  | Noticed a nagaraja
 19684 | Snake:4  | Noticed a nagaraja
 19692 | Snake:4  | Killed a nagaraja
 19711 | Snake:4  | Killed a nagaraja
 19739 | Snake:4  | Noticed a nagaraja
 19772 | Snake:4  | Killed a nagaraja
 19782 | Snake:4  | Received a gift from Okawaru
 19854 | Snake:4  | Noticed a nagaraja
 19890 | Snake:4  | Killed a nagaraja
 19897 | Snake:4  | Reached skill level 1 in Spellcasting
 19966 | Snake:4  | Noticed a nagaraja
 19975 | Snake:4  | Killed a nagaraja
 20005 | Snake:4  | Got a serpentine rune of Zot
 20184 | Swamp:1  | Entered Level 1 of the Swamp
 20266 | Swamp:1  | Received a gift from Okawaru
 20287 | Swamp:1  | Got a pair of jewelled gloves {god gift}
 20293 | Swamp:1  | Identified the +2 pair of gloves of Distant Shores {Stlth+} (Okawaru gifted it to you on level 1 of the Swamp)
 20321 | Swamp:1  | Reached skill level 1 in Necromancy
 20325 | Swamp:1  | Reached skill level 1 in Charms
 20449 | Swamp:1  | Noticed Louise
 20468 | Swamp:1  | You fall through a shaft!
 20517 | Swamp:2  | Got a faintly glowing scale mail
 20528 | Swamp:2  | Identified the +4 scale mail of the Vestibule of Hell {*Corrode +Fly rPois rN+ Dex+3} (You found it on level 2 of the Swamp)
 20541 | Swamp:2  | Noticed a thorn hunter
 20919 | Swamp:1  | Killed Louise
 21225 | Swamp:2  | Killed a thorn hunter
 21225 | Swamp:2  | Reached XP level 17. HP: 55/91 MP: 22/22
 22044 | Swamp:3  | Found a frozen archway.
 22054 | Swamp:3  | Received a gift from Okawaru
 22062 | Swamp:3  | Got a dazzling cloak {god gift}
 22073 | Swamp:3  | Identified the +0 cloak of Okawaru's Hope {rC++ Int+6 Dex-2} (Okawaru gifted it to you on level 3 of the Swamp)
 22076 | IceCv    | Entered an ice cave
 22844 | IceCv    | Noticed an Ice Fiend
 23068 | IceCv    | Killed an Ice Fiend
 23099 | IceCv    | Got a pair of twisted boots
 23110 | IceCv    | Identified the +2 pair of boots of Nucsalago {MP+9} (You found it in an ice cave)
 24078 | Swamp:4  | Entered Level 4 of the Swamp
 24222 | Swamp:4  | Received a gift from Okawaru
 24253 | Swamp:4  | Reached skill level 16 in Axes
 24256 | Swamp:4  | Noticed the 27-headed Lernaean hydra
 24368 | Swamp:4  | Reached skill level 5 in Spellcasting
 24397 | Swamp:4  | Learned a level 6 spell: Invisibility
 24406 | Swamp:4  | Killed the 20-headed Lernaean hydra
 24606 | Swamp:4  | Received a gift from Okawaru
 24610 | Swamp:4  | Got a scorched war axe {god gift}
 24611 | Swamp:4  | Identified the +7 war axe of Pillar {venom, +Rage rElec rN+ MR+} (Okawaru gifted it to you on level 4 of the Swamp)
 24871 | Swamp:4  | Got a decaying rune of Zot
 25449 | Lair:2   | Gained mutation: Your spells are a little easier to cast, but a little less powerful. [potion of mutation]
 25449 | Lair:2   | Lost mutation: Your spells are a little easier to cast, but a little less powerful. [potion of mutation]
 25449 | Lair:2   | Gained mutation: You are partially covered in yellow scales. (AC +2) [potion of mutation]
 25449 | Lair:2   | Gained mutation: Your flesh is cold resistant. (rC+) [potion of mutation]
 25553 | Lair:2   | Reached XP level 18. HP: 97/97 MP: 27/27
 25961 | D:11     | Noticed Urug
 25975 | D:11     | Reached skill level 5 in Necromancy
 25984 | D:11     | Killed Urug
 26370 | D:12     | Noticed Nessos
 26396 | D:12     | Received a gift from Okawaru
 26400 | D:12     | Killed Nessos
 26493 | D:12     | Noticed Frances
 26508 | D:12     | Killed Frances
 26508 | D:12     | Reached skill level 5 in Charms
 26849 | D:12     | Noticed Psyche
 26856 | D:12     | Killed Psyche
 26872 | D:12     | Identified a scroll of acquirement
 27030 | D:13     | Found Efuabad's Antique Weapon Shop.
 27545 | D:13     | Found a gate to the Vaults.
 27563 | D:13     | Got a translucent ring mail
 27574 | D:13     | Identified the +4 ring mail "Udiffy" {Dex+4} (You found it on level 13 of the Dungeon)
 27598 | D:13     | Noticed Josephine
 27608 | D:13     | Killed Josephine
 27798 | Vaults:1 | Entered Level 1 of the Vaults
 27852 | Vaults:1 | Received a gift from Okawaru
 28532 | Vaults:1 | Reached XP level 19. HP: 90/102 MP: 26/31
 28625 | Vaults:1 | Received a gift from Okawaru
 28828 | Vaults:1 | Received a gift from Okawaru
 29045 | Vaults:1 | Found Rubufrom's Assorted Antiques.
 29049 | Vaults:1 | Bought a scroll of identify for 48 gold pieces
 29351 | Vaults:2 | Reached skill level 17 in Axes
 29490 | Vaults:2 | Received a gift from Okawaru
 29508 | Vaults:2 | Got a warped plate armour {god gift}
 29519 | Vaults:2 | Identified the +0 plate armour of Whack-A-Mole {rPois rF+ Dex+3} (Okawaru gifted it to you on level 2 of the Vaults)
 29988 | Vaults:2 | Found a portal to a secret trove of treasure.
 30518 | Vaults:3 | Learned a level 2 spell: Blink
 30521 | Vaults:3 | Learned a level 2 spell: Shroud of Golubria
 30686 | Vaults:3 | Received a gift from Okawaru
 30770 | Vaults:3 | Found a staircase to the Crypt.
 30845 | Vaults:3 | Reached XP level 20. HP: 60/108 MP: 18/33
 31183 | Vaults:3 | Noticed Xtahua
 31194 | Vaults:3 | Killed Xtahua
 31278 | Vaults:3 | Received a gift from Okawaru
 31297 | Vaults:3 | Noticed Bai Suzhen
 31315 | Vaults:3 | Killed Bai Suzhen
 31736 | Vaults:4 | Reached skill level 1 in Translocations
 31992 | Vaults:4 | Cast into level 2 of the Abyss (a deep elf sorcerer)
 31992 | Abyss:2  | Found a corrupted altar of Lugonu.
 32404 | Abyss:2  | Reached skill level 18 in Axes
 32407 | Abyss:2  | Received a gift from Okawaru
 32426 | Abyss:2  | Got an iridescent quarterstaff {holy}
 32488 | Abyss:2  | Noticed a profane servitor
 32551 | Abyss:2  | Reached skill level 10 in Spellcasting
 32609 | Abyss:2  | Killed a profane servitor
 32664 | Vaults:4 | Escaped the Abyss
 32805 | Vaults:4 | Identified the +8 quarterstaff of Flawed Execution {holy, rF+ Int+6} (You took it off a white draconian on level 2 of the Abyss)
 32827 | Vaults:4 | Reached XP level 21. HP: 108/114 MP: 36/36
 32899 | Vaults:4 | Reached skill level 15 in Stealth
 32904 | Vaults:4 | Received a gift from Okawaru
 32925 | Vaults:4 | Found the +3 Elemental Staff {rElec rF++ rC++ MR++ AC+5}
 33071 | Vaults:4 | Found the +1 cloak of Starlight {rElec rC+ EV+4 Stlth--}
 33368 | Vaults:4 | Received a gift from Okawaru
 34061 | Snake:2  | Bought a +5 ring of strength for 618 gold pieces
 34061 | Snake:2  | Bought an uncursed ring of see invisible for 225 gold pieces
 34061 | Snake:2  | Bought an uncursed amulet of the gourmand for 450 gold pieces
 34061 | Snake:2  | Bought an uncursed ring of poison resistance for 300 gold pieces
 34061 | Snake:2  | Bought an uncursed amulet of magic regeneration for 450 gold pieces
 34063 | Snake:2  | Bought a wand of disintegration (7) for 165 gold pieces
 34320 | Orc:1    | Entered Level 1 of the Orcish Mines
 34610 | Orc:2    | Entered Level 2 of the Orcish Mines
 34674 | Orc:2    | Found a staircase to the Elven Halls.
 34710 | Orc:2    | Reached skill level 1 in Maces & Flails
 34721 | Orc:2    | Found a runed door.
 34899 | Orc:2    | Reached skill level 5 in Translocations
 34940 | Orc:2    | Found Eroyriph's Antique Weapon Shop.
 34940 | Orc:2    | Found Xiowo's Distillery.
 34941 | Orc:2    | Found Gittink's Assorted Antiques.
 34975 | Orc:2    | Found Yghaumeem's Weapon Boutique.
 35270 | Orc:2    | Found a roughly hewn altar of Beogh.
 35671 | Orc:2    | Bought 2 potions of haste for 280 gold pieces
 35671 | Orc:2    | Bought a potion of agility for 56 gold pieces
 35671 | Orc:2    | Bought a potion of berserk rage for 70 gold pieces
 35672 | Orc:2    | Bought a spiked scale mail for 225 gold pieces
 35672 | Orc:2    | Bought a scroll of enchant weapon for 187 gold pieces
 35672 | Orc:2    | Bought a scroll of blinking for 187 gold pieces
 35685 | Orc:2    | Identified the +4 scale mail "Eheam" {rC- Dex+4 SInv Stlth+} (You bought it in a shop on level 2 of the Orcish Mines)
 35705 | Orc:2    | Bought a potion of haste for 250 gold pieces
 35768 | Elf:1    | Entered Level 1 of the Elven Halls
 35969 | Elf:1    | Found a ruined gateway.
 36004 | Desolati | Entered the Desolation of Salt
 36088 | Desolati | Got a spiked plate armour
 36099 | Desolati | Identified the +3 plate armour of Huaf {Int+9 Dex+3 Slay-3} (You found it in the Desolation of Salt)
 36106 | Desolati | Got a clouded platinum amulet
 36133 | Desolati | Got a vibrating ruby amulet
 36405 | Desolati | Received a gift from Okawaru
 36458 | Desolati | Got a fine hand axe {god gift}
 36675 | Desolati | Identified the +2 hand axe "Roposiek" {chop, Str+5 Int+7 SInv} (Okawaru gifted it to you in the Desolation of Salt)
 36684 | Desolati | Got a pair of shimmering gloves
 36695 | Desolati | Identified the cursed +0 pair of gloves of Ishya {rPois} (You found it in the Desolation of Salt)
 36738 | Desolati | Got a distressingly furry buckler
 36755 | Desolati | Identified the +1 buckler of Juqa {MP+9 Str+4} (You took it off a ragged hierophant in the Desolation of Salt)
 36814 | Desolati | Reached XP level 22. HP: 116/121 MP: 38/38
 36848 | Desolati | Got an ancient golden ring
 36850 | Desolati | Identified the ring "Akibb" {rElec MR+ Int+4} (You took it off an imperial myrmidon in the Desolation of Salt)
 36914 | Desolati | Got an ancient zirconium amulet
 37675 | Elf:1    | Received a gift from Okawaru
 37680 | Elf:1    | Identified Bixkofu's Compendium of Sinister Rituals
 38329 | Elf:2    | Found Usmap's Assorted Antiques.
 38411 | Elf:2    | Found a flickering gateway to a bazaar.
 38467 | Elf:2    | Found Texy's General Store.
 38468 | Elf:2    | Found Woderch's Gadget Boutique.
 38478 | Bazaar   | Entered a bazaar
 38478 | Bazaar   | Found Uceycw's Armour Emporium.
 38482 | Bazaar   | Found Wuojanau's Jewellery Boutique.
 38486 | Bazaar   | Found Fehadden's Jewellery Boutique.
 38497 | Bazaar   | Bought a cursed -5 ring of intelligence for 28 gold pieces
 38512 | Bazaar   | Found Iluumon's Antique Weapon Shoppe.
 38518 | Bazaar   | Found Pighups's Assorted Antiques.
 38576 | Bazaar   | Bought an uncursed ring of positive energy for 260 gold pieces
 38757 | Elf:2    | Found Cusoc's Jewellery Emporium.
 38858 | Elf:2    | Identified the amulet "Axzat" {Regen+ Int+3} (You found it in the Desolation of Salt)
 38873 | Elf:2    | Found a runed gate.
 38873 | Elf:2    | Found a runed gate.
 38878 | Elf:2    | Found a runed gate.
 39307 | Elf:2    | Received a gift from Okawaru
 39548 | Elf:3    | Entered Level 3 of the Elven Halls
 39564 | Elf:3    | Noticed Saint Roka
 39599 | Elf:3    | Killed Saint Roka
 39698 | Elf:3    | Reached skill level 15 in Fighting
 39914 | Elf:3    | Received a gift from Okawaru
 39924 | Elf:3    | Noticed Nikola
 39938 | Elf:3    | Killed Nikola
 39946 | Elf:3    | Got a pair of bloodstained gloves
 39952 | Elf:3    | Identified the +5 pair of gloves "Dutyevve" {rPois rN+} (You took it off Nikola on level 3 of the Elven Halls)
 40187 | Elf:3    | Noticed Donald
 40210 | Elf:3    | Killed Donald
 40284 | Elf:3    | Reached skill level 10 in Dodging
 40661 | Elf:2    | Bought a cursed ring of loudness for 76 gold pieces
 40661 | Elf:2    | Bought a cursed amulet of inaccuracy for 34 gold pieces
 40989 | Elf:3    | Received a gift from Okawaru
 41103 | Elf:3    | Reached XP level 23. HP: 122/126 MP: 40/40
 41487 | Elf:3    | Got a polished cloak
 41498 | Elf:3    | Identified the +2 cloak of Purpose {rC+ Str+3 Int+2 Dex+2} (You found it on level 3 of the Elven Halls)
 41552 | Elf:3    | Found the +8 orange crystal plate armour {Archmagi, Int+3 Clar}
 41737 | Elf:3    | Identified the amulet of Nageomyv {Gourm +Blink rF+ Stlth+} (You found it in the Desolation of Salt)
 41739 | Elf:3    | Identified the amulet "Ehoitres" {+Rage rElec Str-2 Dex+2} (You found it in the Desolation of Salt)
 42250 | Vaults:2 | You paid a toll of a +4 demon whip to enter a treasure trove
 42251 | Trove    | Entered a treasure trove
 42261 | Trove    | Got a heavily runed hat
 42272 | Trove    | Identified the +2 hat of Zical {-Cast rC+ SInv Stlth+} (You found it in a treasure trove)
 42274 | Trove    | Got a pair of translucent gloves
 42280 | Trove    | Got a pair of steaming gloves
 42282 | Trove    | Got a jewelled large shield
 42291 | Trove    | Got a pair of ancient boots
 42306 | Trove    | Identified the +0 pair of gloves of Exclusion {rF+} (You found it in a treasure trove)
 42345 | Trove    | Identified the +0 large shield "Ciaxotag" {rPois rC+} (You found it in a treasure trove)
 42355 | Trove    | Identified the +2 pair of gloves of Divine Intervention {rF- Str+7} (You found it in a treasure trove)
 42360 | Trove    | Identified the +1 pair of boots of Refuge {rElec rPois Str+2 Stlth-} (You found it in a treasure trove)
 42458 | Trove    | Got a brightly glowing leather armour
 42469 | Trove    | Identified the +2 leather armour of Kiagor {Dex+3} (You found it in a treasure trove)
 42962 | Vaults:5 | Entered Level 5 of the Vaults
 42999 | Vaults:5 | Reached skill level 5 in Invocations
 43006 | Vaults:4 | Slain by a shadow dragon

Skill      XL: |  1  2  3  4  5  6  7  8  9 10 11 12 13 14 15 16 17 18 19 20 21 22 23 |
---------------+----------------------------------------------------------------------+-----
Axes           | 2 3 4 5 6 8 10 11 12 13 14 15 16 17 18 | 18.0
Shields        | 3 4 5 6 7 8 9 10 11 12 13 14 | 14.8
Fighting       | 3 4 5 6 7 9 10 11 12 13 14 15 | 15.4
Dodging        | 1 2 3 4 5 6 7 8 9 10 | 10.2
Armour         | 3 4 5 6 7 8 9 |  9.8
Stealth        | 2 6 9 10 11 12 13 14 15 16 | 16.6
Invocations    | 1 2 3 4 5 |  5.0
Evocations     | 1 2 |  2.3
Spellcasting   | 3 5 7 8 10 11 12 | 12.6
Necromancy     | 2 4 6 7 |  7.6
Charms         | 2 4 6 7 |  7.8
Translocations | 3 6 8 |  8.9
Maces & Flails | 1 |  1.6

Action                   |  1- 3 |  4- 6 |  7- 9 | 10-12 | 13-15 | 16-18 | 19-21 | 22-24 || total
-------------------------+-------+-------+-------+-------+-------+-------+-------+-------++-------
Melee: War axe           |   115 |   103 |   332 |    65 |       |     8 |    21 |    46 ||   690
       Bite              |    27 |    28 |    95 |   223 |   438 |   688 |   798 |   293 ||  2590
       Hand axe          |       |       |       |   423 |   803 |   703 |       |       ||  1929
       Broad axe         |       |       |       |       |    97 |   597 |  1241 |   570 ||  2505
       Demon whip        |       |       |       |       |       |       |   133 |       ||   133
 Cast: Regeneration      |       |       |       |       |       |       |     5 |     7 ||    12
Invok: Heroism           |       |       |     2 |     2 |    21 |    10 |    10 |     4 ||    49
       Finesse           |       |       |       |       |     2 |     3 |     2 |     1 ||     8
 Abil: Evoke Flight      |       |       |       |       |       |     5 |       |       ||     5
       Stop Flying       |       |       |       |       |       |     2 |       |       ||     2
       Evoke Invisibilit |       |       |       |       |       |       |     1 |       ||     1
Evoke: Wand              |       |     1 |       |     3 |     1 |     6 |       |       ||    11
  Use: Scroll            |     4 |       |     6 |    10 |    14 |     9 |    13 |     4 ||    60
       Potion            |       |       |       |       |       |     2 |     1 |       ||     3
 Stab: Sleeping          |       |       |       |    27 |    37 |    54 |    49 |    27 ||   194
       Distracted        |       |       |       |     4 |     5 |     4 |     4 |     3 ||    20
       Invisible         |       |       |       |       |       |     3 |    17 |       ||    20
       Petrifying        |       |       |       |       |       |       |       |     2 ||     2
  Eat: Chunk             |     1 |     5 |    11 |     6 |     8 |     8 |    11 |     2 ||    52
       Ration            |       |       |       |     3 |     7 |     8 |     7 |     9 ||    34
Armor: Scale mail        |    48 |    43 |    67 |       |       |       |       |       ||   158
       Ring mail         |       |     1 |    41 |   153 |   191 |   361 |   259 |   173 ||  1179
Dodge: Dodged            |    45 |    31 |    89 |   177 |   356 |   593 |   572 |   240 ||  2103
       Deflected         |       |       |       |     1 |    37 |    48 |    23 |     9 ||   118
Block: Shield            |    77 |    65 |   151 |   147 |       |   302 |   883 |   357 ||  1982
       Buckler           |       |       |       |    72 |   318 |   334 |       |     6 ||   730
       Reflection        |       |       |       |       |       |       |       |    12 ||    12
